Map: Acid Plant LE

Players

LiquidTLO (TLO) - Winner!

  • Race: Zerg Zerg
  • Spawn Location: 11:00

ElegancE

  • Race: Protoss Protoss
  • Spawn Location: 5:00

Event: WCS Montreal 2018

VOD

Have the link to the VOD?

Description

Time

  • Played on: Sept. 7, 2018, 12:37 p.m.
  • Length: 7:29

All games in this series

Show
View Real Time Build Order
Export as new Build Order

LiquidTLO Zerg - Winner!

Build Orders: Hatch First 

Get SALT Encoding   

  12  0:00  Drone  
  13  0:07  Drone  
  14  0:16  Overlord  
  14  0:34  Drone  
  14  0:35  Drone x2  
  17  0:52  Hatchery  
  17  0:55  Drone  
  17  1:00  Drone  
  18  1:04  Extractor  
  17  1:15  Spawning Pool  
  17  1:18  Drone  
  17  1:20  Drone  
  18  1:29  Drone  
  19  1:40  Overlord  
  19  2:02  Queen  
  19  2:03  Queen  
  19  2:04  Zergling x2  
  19  2:05  Zergling x2, Metabolic Boost  
  26  2:08  Drone  
  26  2:12  Drone  
  27  2:16  Drone  
  27  2:22  Drone  
  29  2:27  Drone  
  30  2:37  Drone  
  30  2:41  Hatchery  
  30  2:47  Queen  
  30  2:50  Overlord  
  32  2:56  Zergling x2  
  33  2:58  Drone  
  33  2:59  Drone  
  33  3:03  Overlord  
  35  3:06  Drone  
  35  3:09  Drone  
  38  3:12  Drone  
  38  3:14  Drone x2  
  38  3:19  Queen  
  42  3:20  Drone  
  42  3:23  Drone  
  44  3:28  Queen  
  44  3:30  Drone  
  47  3:35  Spore Crawler  
  47  3:37  Spore Crawler  
  47  3:38  Drone  
  47  3:40  Drone  
  47  3:43  Drone  
  47  3:46  Drone  
  49  3:50  Drone  
  49  3:53  Spore Crawler  
  49  3:54  Drone  
  49  3:55  Drone  
  51  4:02  Drone x2  
  51  4:04  Drone  
  51  4:06  Drone, Overlord  
  51  4:07  Drone  
  54  4:12  Overlord  
  54  4:13  Drone  
  54  4:15  Overlord  
  55  4:19  Overlord  
  55  4:22  Overlord  
  55  4:25  Drone  
  55  4:26  Drone  
  55  4:27  Drone  
  55  4:30  Drone  
  59  4:34  Lair  
  59  4:35  Drone  
  59  4:36  Drone  
  59  4:37  Drone  
  62  4:38  Drone  
  62  4:41  Evolution Chamber  
  62  4:43  Drone x2  
  64  4:47  Drone  
  64  4:49  Drone  
  64  4:50  Drone  
  67  4:54  Roach Warren  
  67  4:55  Extractor  
  67  4:56  Extractor  
  67  4:57  Extractor, Drone x3  
  67  4:58  Extractor  
  67  4:59  Drone  
  65  5:01  Drone x2  
  65  5:03  Drone  
  65  5:04  Drone  
  65  5:06  Drone  
  70  5:07  Drone x2  
  70  5:10  Zerg Missile Weapons Level 1  
  70  5:14  Drone x2  
  74  5:18  Drone, Overlord  
  75  5:29  Overlord  
  75  5:31  Overlord  
  75  5:33  Glial Reconstitution  
  75  5:35  Roach x4  
  83  5:37  Roach  
  83  5:40  Overlord, Roach  
  83  5:41  Roach  
  89  5:44  Roach  
  89  5:46  Roach  
  89  5:48  Roach  
  89  5:49  Roach  
  97  5:52  Roach  
  97  5:53  Overlord  
  97  5:55  Roach x2  
  105  5:57  Roach  
  105  6:00  Roach  
  105  6:02  Roach  
  105  6:04  Roach  
  111  6:06  Roach x2  
  111  6:08  Overlord, Roach  
  117  6:15  Drone, Overseer  
  117  6:17  Overlord  
  122  6:18  Roach x2  
  122  6:20  Roach  
  122  6:23  Roach  
  126  6:26  Roach  
  126  6:28  Roach  
  126  6:30  Roach x2  
  126  6:31  Roach x2  
  138  6:34  Overlord  
  138  6:36  Overlord  
  138  6:40  Roach  
  138  6:41  Roach x3  
  146  6:50  Overlord  
  146  6:58  Roach  
  146  6:59  Roach  
  146  7:00  Roach x2  
  154  7:07  Hatchery  
Show
View Real Time Build Order
Export as new Build Order

ElegancE Protoss 

Build Orders: 1 Gate Expand, Oracle Opening, Phoenix Opening, Zealot Archon 

Get SALT Encoding   

  12  0:01  Probe  
  13  0:13  Probe  
  14  0:21  Pylon  
  14  0:25  Probe  
  15  0:36  Probe  
  16  0:43  Gateway  
  16  0:44  Probe  
  16  0:49  Assimilator  
  17  0:53  Probe  
  18  1:01  Probe  
  18  1:09  Probe  
  20  1:19  Probe  
  21  1:29  Nexus  
  21  1:38  Cybernetics Core  
  21  1:41  Probe  
  21  1:46  Assimilator  
  22  1:55  Pylon  
  22  2:01  Probe  
  23  2:13  Probe  
  24  2:17  Adept, Stargate  
  26  2:24  Warp Gate  
  26  2:25  Probe  
  27  2:37  Probe  
  28  2:44  Adept  
  28  2:48  Probe  
  28  2:50  Probe  
  28  2:51  Oracle  
  32  2:52  Gateway  
  32  3:00  Probe  
  32  3:04  Probe  
  37  3:12  Probe  
  38  3:17  Probe  
  39  3:24  Probe  
  39  3:26  Pylon  
  40  3:28  Phoenix  
  40  3:29  Probe  
  43  3:36  Probe  
  43  3:39  Robotics Facility  
  43  3:41  Probe  
  45  3:47  Shield Battery  
  45  3:48  Probe  
  45  3:54  Twilight Council  
  43  4:03  Probe  
  43  4:05  Probe  
  45  4:10  Assimilator  
  45  4:11  Assimilator, Probe  
  45  4:13  Gateway, Probe  
  45  4:15  Gateway  
  46  4:20  Probe  
  46  4:22  Probe  
  48  4:26  Pylon  
  48  4:29  Probe  
  48  4:31  Templar Archives  
  49  4:34  Probe  
  51  4:38  Warp Prism  
  51  4:43  Pylon  
  51  4:44  Zealot  
  55  4:47  Zealot  
  55  4:50  Probe  
  58  5:03  Nexus  
  58  5:06  Pylon  
  58  5:10  Probe x2  
  60  5:22  Probe  
  61  5:30  High Templar  
  61  5:31  High Templar x3  
  61  5:33  Charge  
  61  5:35  Pylon, Archon x2  
  69  5:37  Pylon, Probe  
  69  5:38  Observer  
  71  5:46  Probe  
  72  5:54  Forge  
  72  6:00  Immortal  
  72  6:08  Probe  
  77  6:13  Probe, Zealot  
  77  6:14  Robotics Facility, Zealot x3  
  86  6:27  Probe  
  87  6:33  Probe x2  
  87  6:37  Pylon  
  87  6:39  Probe  
  94  6:45  Probe  
  94  6:46  Probe  
  96  6:47  Zealot x4  
  96  6:51  Probe  
  105  6:57  Pylon  
  105  6:58  Probe x2  
  107  7:02  Gateway  
  107  7:14  Pylon  
  87  7:20  Zealot x2  
  87  7:25  Gateway  
Tags
 
Add a new tag
Caveats
  • Supply blocks, unpowered buildings, or Contaminate may cause inaccurate times.
  • Supply counts are checked every 10 seconds.